 Dungeon Crawl Stone Soup version 0.30-a0-737-gf23d94013f (webtiles) character file.

Game seed: 10318095582230334446

44275 MackTheKnife the Fighter (level 13, -1/114 (116) HPs)
             Began as a Vampire Wanderer on Feb 2, 2023.
             Was a High Priest of Ashenzari.
             Slain by a red devil
             ... wielding a +0 trident
             ... summoned by an obsidian statue
              (17 damage)
             ... on level 5 of the Lair of Beasts.
             The game lasted 00:28:15 (16745 turns).

MackTheKnife the Fighter (Vampire Wanderer)        Turns: 16745, Time: 00:28:15

HP:   -1/114 (116)  AC:  9    Str: 12    XL:     13   Next: 95%
MP:   24/39         EV: 24    Int: 22    God:    Ashenzari [*****.]
Gold: 513           SH:  8    Dex: 20    Spells: 28/39 levels left

rFire   + . .      SeeInvis +    r - +8 mace "Distant Discomfort" {heavy, +Blink rF+ Str+2 Dex+3, mace, Cun, Fort} (curse)
rCold   . . .      Faith    .    a - +0 buckler "Urgency of Ashenzari" {Bglg, Alch} (curse)
rNeg    . . .      Spirit   .    M - +0 steam dragon scales of Ashenzari's Seeker {Evo, Self} (curse)
rPois   .          Reflect  .    C - +0 helmet "Repose of Ashenzari" {Int+3, Alch, Self} (curse)
rElec   .          Harm     .    (no cloak)
rCorr   .          Rampage  .    B - +0 pair of gloves "Enigmatic Seeker" {Evo, Elem} (curse)
Will    +....      Clarity  +    s - +0 pair of boots "Shattered Visionary" {Comp, Melee} (curse)
Stlth   ++++                     D - amulet of Supernal Wisdom {RegenMP, @e2, Elem, Bglg} (curse)
HPRegen 0.59/turn                G - ring "Eternal Together" {EV+5, Comp, Fort} (curse)
MPRegen 0.66/turn                w - ring of the Ruined Ordeal {MP+9, Melee, Elem} (curse)

@: about to teleport, spiked, healing quickly, lightly drained
A: alive, fangs 3, see invisible, vampiric 2, agile 1, deformed body, wild magic
1
a: Exsanguinate, Renounce Religion, Evoke Blink, Curse Item, Shatter the Chains


You were on level 5 of the Lair of Beasts.
You worshipped Ashenzari.
Ashenzari was extremely pleased with you.
You visited 3 branches of the dungeon, and saw 17 of its levels.

You collected 1107 gold pieces.
You spent 594 gold pieces at shops.


Innate Abilities, Weirdness & Mutations

Your natural rate of healing is accelerated.
You have razor-sharp teeth.
You have supernaturally acute eyesight. (SInv)
You are afflicted with vampirism and can become a bat while bloodless.
You are agile. (Dex +4, Str/Int -1)
Armour fits poorly on your strangely shaped body.
Your spells are a little harder to cast, but a little more powerful.


   Skills:
 + Level 12.2(15.6) Fighting
 - Level 2.6(5.4) Axes
 - Level 8.0(11.5) Armour
 - Level 8.0(10.3) Dodging
 - Level 6.0(8.3) Stealth
 - Level 8.6(12.1) Shields
 - Level 10.0(13.5) Spellcasting
 - Level 3.3(6.3) Conjurations
 - Level 7.6(11.1) Hexes
 - Level 6.5(11.0) Earth Magic


You had 28 spell levels left.
You knew the following spells:

 Your Spells              Type           Power      Damage    Failure   Level
a - Sandblast             Erth           100%       2d20      1%          1
b - Stone Arrow           Conj/Erth      100%       3d13      1%          3
c - Animate Armour        Summ/Erth      100%       N/A       8%          4
d - Swiftness             Air            23%        N/A       17%         3

Your spell library contained the following spells:

 Spells                   Type           Power      Damage    Failure   Level
 Ensorcelled Hibernation  Hex/Ice        100%       N/A       1%          2
 Passwall                 Tmut/Erth      42%        N/A       1%          2
 Lehudib's Crystal Spear  Conj/Erth      31%        10d8      100%        8

Inventory:

Hand Weapons
 o - a +4 dagger of venom {short}
   (You took it off a goblin on level 3 of the Dungeon)
 r - the cursed +8 mace "Distant Discomfort" (weapon) {heavy, +Blink rF+ Str+2 Dex+3, mace, Cun, Fort}
   (You found it on level 3 of the Dungeon)

   Str:       It affects your strength (+2).
   Dex:       It affects your dexterity (+3).
   rF:        It protects you from fire.
   +Blink:    It lets you blink.
   It has a curse which improves the following skills: Cunning: Dodging and
   Stealth.
   Fortitude: Armour and Shields.
Armour
 a - the cursed +0 buckler "Urgency of Ashenzari" (worn) {Bglg, Alch}
   (You found it on level 3 of the Dungeon)

   It has a curse which improves the following skills: Beguiling: Conjurations,
   Hexes and Translocations.
   Alchemy:   Poison Magic and Transmutations.
 s - the cursed +0 pair of boots "Shattered Visionary" (worn) {Comp, Melee}
   (You found it on level 3 of the Dungeon)

   It has a curse which improves the following skills: Companions: Summonings
   and Necromancy.
   Melee Combat: Short Blades, Long Blades, Axes, Maces & Flails, Polearms,
   Staves and Unarmed Combat.
 B - the cursed +0 pair of gloves "Enigmatic Seeker" (worn) {Evo, Elem}
   (You found it on level 5 of the Dungeon)

   It has a curse which improves the following skills: Evocations: Evocations.
   Elements:  Fire Magic, Ice Magic, Air Magic and Earth Magic.
 C - the cursed +0 helmet "Repose of Ashenzari" (worn) {Int+3, Alch, Self}
   (You bought it in a shop on level 5 of the Dungeon)

   It has a curse which improves the following skills: Alchemy: Poison Magic and
   Transmutations.
   Introspection: Fighting and Spellcasting.
 M - the cursed +0 steam dragon scales of Ashenzari's Seeker (worn) {Evo, Self}
   (You found it on level 8 of the Dungeon)

   It has a curse which improves the following skills: Evocations: Evocations.
   Introspection: Fighting and Spellcasting.
Jewellery
 e - a ring of resist corrosion
   (You found it on level 11 of the Dungeon)
 w - the cursed ring of the Ruined Ordeal (right hand) {MP+9, Melee, Elem}
   (You found it on level 10 of the Dungeon)

   [ring of magical power]

   MP:        It affects your magic capacity (+9).
   It has a curse which improves the following skills: Melee Combat: Short
   Blades, Long Blades, Axes, Maces & Flails, Polearms, Staves and Unarmed
   Combat.
   Elements:  Fire Magic, Ice Magic, Air Magic and Earth Magic.
 D - the cursed amulet of Supernal Wisdom (around neck) {RegenMP, @e2, Elem, Bglg}
   (You found it on level 5 of the Dungeon)

   [amulet of magic regeneration]

   It increases your rate of magic regeneration.
   It has a curse which improves the following skills: Elements: Fire Magic, Ice
   Magic, Air Magic and Earth Magic.
   Beguiling: Conjurations, Hexes and Translocations.
 G - the cursed ring "Eternal Together" (left hand) {EV+5, Comp, Fort}
   (You bought it in a shop on level 7 of the Dungeon)

   [ring of evasion]

   EV:        It affects your evasion (+5).
   It has a curse which improves the following skills: Companions: Summonings
   and Necromancy.
   Fortitude: Armour and Shields.
 K - a ring of protection from fire
   (You found it on level 7 of the Dungeon)
 P - a +6 ring of intelligence
   (You found it on level 1 of the Lair of Beasts)
 S - an amulet of reflection
   (You found it on level 5 of the Lair of Beasts)
Wands
 d - a wand of mindburst (3)
   (You found it on level 9 of the Dungeon)
 j - a wand of quicksilver (5)
   (You found it on level 10 of the Dungeon)
 x - a wand of flame (20)
   (You found it on level 5 of the Dungeon)
 F - a wand of digging (2)
   (You took it off Psyche on level 10 of the Dungeon)
 I - a wand of roots (6)
   (You found it on level 10 of the Dungeon)
Scrolls
 b - 3 scrolls of amnesia
 c - 7 scrolls of fear
 f - 5 scrolls of teleportation {@r4}
 h - 2 scrolls of silence {!r}
 k - 2 scrolls of blinking {!r}
 m - 2 scrolls of enchant weapon
 p - 2 scrolls of vulnerability {!r!r}
 v - 2 scrolls of torment {!r}
 y - a scroll of fog
 E - 5 scrolls of magic mapping {!r}
 J - 3 scrolls of immolation {!r!r}
 R - a scroll of enchant armour
Potions
 g - 4 potions of haste {@q3}
 i - 2 potions of magic
 l - 2 potions of cancellation
 n - 5 potions of curing {@q1}
 q - a potion of might
 t - 5 potions of brilliance
 u - a potion of invisibility
 z - 6 potions of attraction {!q}
 A - 4 potions of lignification {!q}
 H - 3 potions of mutation {!q}
 L - 5 potions of heal wounds {@q2}
 N - 2 potions of berserk rage {!q}
 O - a potion of flight
Miscellaneous
 Q - a lightning rod (4/4)
   (You found it on level 3 of the Lair of Beasts)

Dungeon Overview and Level Annotations

Branches:
Dungeon (11/15) Zot: 25301  Temple (1/1) D:7 Zot: 5987    Lair (5/5) D:11 Zot: 23563
 Shoals (0/4) Lair:2       Spider (0/4) Lair:2        Slime (0/5) Lair:4
    Orc (0/2) D:11

Altars:
Ashenzari
Cheibriados
Dithmenos
Fedhas
Gozag
Hepliaklqana
Kikubaaqudgha
Makhleb
Nemelex Xobeh
Okawaru
Qazlal
Ru
Sif Muna
Trog
Uskayaw
Vehumet
Wu Jian
Xom
Yredelemnul
Jiyva

Shops:
D:5 [   D:7 =[   D:10 *

Annotations:
D:2 Robin
Lair:1 Gastronok
Lair:3 3 runed translucent doors, Leofov's ghost, journeyman SpBr
Lair:4 1 runed translucent door, DavidChitty2's ghost, journeyman MiFi; Rupert
Lair:5 exclusion: obsidian statue

###.♣#### **, ,** ###.##
#P5.8+)## ** ,,*##.#.##
♣♣.P♣* ######, ##......
♣♣3.♣♣**#8)8##. #P.....#
#♣P..♣ #..)##.#*##.####.
#...## #...##.P##P.#####
##P.## #..P##?..#.....P.
#....#####P.P#♣...........
#...##84§@.P.#♣...........
#....'§.######............
##...'§{{.# *♣........?...
#.P.#####.# ..##.........
###..+, #.## .. ####...P..
#.. ,,#..#* ###...PP. ###
{##.# , **#..<.#... *,
{#.###........P...
*8{8#...#♣...........


You could see a red devil (summoned).


Message History

You take 29 damage, and now have 49/114 hp.
MASSIVE DAMAGE!! (PAUSE)
The ice devil attacks as you move away! The ice devil hits you!
* * * LOW HITPOINT WARNING * * *
The ice devil freezes you!
* * * LOW HITPOINT WARNING * * *
There is an open door here. 😱 HP[-25]
You take 25 damage, and now have 24/114 hp.
MASSIVE DAMAGE!! (PAUSE)
Casting: Stone Arrow (safe; 1% risk of failure)
Confirm with . or Enter, or press ? or * to list all spells.
Aiming: Stone Arrow (safe; 1% risk of failure)
Press: ? - help, Shift-Dir - straight line, f - ice devil
Aim: an ice devil (summoned, 78% to hit)
The stone arrow hits the ice devil.
The ice devil closely misses you. 😱 MP[-3]
You lost 3 mp, and now have 36/39 mp.
Casting: Stone Arrow (safe; 1% risk of failure)
Confirm with . or Enter, or press ? or * to list all spells.
Aiming: Stone Arrow (safe; 1% risk of failure)
Press: ? - help, Shift-Dir - straight line, f/p - ice devil
Aim: an ice devil (lightly wounded, summoned, 78% to hit)
The stone arrow misses the ice devil.
The stone arrow hits the red devil!
The ice devil barely misses you.
The red devil misses you. 😱 HP[+1] MP[-2]
You lost 2 mp, and now have 34/39 mp.
Casting: Stone Arrow (safe; 1% risk of failure)
Confirm with . or Enter, or press ? or * to list all spells.
Aiming: Stone Arrow (safe; 1% risk of failure)
Press: ? - help, Shift-Dir - straight line, f/p - ice devil
Aim: an ice devil (lightly wounded, summoned, 78% to hit)
The stone arrow hits the ice devil!!
The ice devil completely misses you.
You block the red devil's attack. 😱 HP[+1] MP[-2]
You lost 2 mp, and now have 32/39 mp.
Casting: Stone Arrow (safe; 1% risk of failure)
Confirm with . or Enter, or press ? or * to list all spells.
Aiming: Stone Arrow (safe; 1% risk of failure)
Press: ? - help, Shift-Dir - straight line, f/p - ice devil
Aim: an ice devil (severely wounded, summoned, 78% to hit)
The stone arrow hits the ice devil.
The ice devil misses you.
The red devil hits you from afar with a +0 trident.
* * * LOW HITPOINT WARNING * * *
Barbed spikes become lodged in your body. 😱 HP[-6] MP[-3]
You take 6 damage, and now have 20/114 hp.
You lost 3 mp, and now have 29/39 mp.
Casting: Stone Arrow (safe; 1% risk of failure)
Confirm with . or Enter, or press ? or * to list all spells.
Aiming: Stone Arrow (safe; 1% risk of failure)
Press: ? - help, Shift-Dir - straight line, f/p - ice devil
Aim: an ice devil (almost dead, summoned, 78% to hit)
The stone arrow hits the ice devil!!
You kill the ice devil!
The ice devil disappears in a puff of smoke!
The red devil hits you from afar with a +0 trident!
* * * LOW HITPOINT WARNING * * *
Barbed spikes become lodged in your body. 😱 HP[-10] MP[-2]
You take 10 damage, and now have 10/114 hp.
You lost 2 mp, and now have 27/39 mp.
As you read the scroll of teleportation {@r4}, it crumbles to dust.
You feel strangely unstable.
The red devil completely misses you. 😱 MP[+1] Unknown command.
Unknown command.
The barbs in your skin will harm you if you move.
Continue?
Okay, then.
You feel much better.
The red devil hits you but does no damage. 😨 HP[+22]
You regained 22 hp, and now have 32/114 hp.
Unknown command.
Unknown command.
Casting: Stone Arrow (safe; 1% risk of failure)
Confirm with . or Enter, or press ? or * to list all spells.
Aiming: Stone Arrow (safe; 1% risk of failure)
Press: ? - help, Shift-Dir - straight line, f - ynoxinul
Aim: a ynoxinul (summoned, 78% to hit)
The stone arrow hits the ynoxinul!!
The ynoxinul gestures.
The red devil hits you from afar with a +0 trident!
* * * LOW HITPOINT WARNING * * *
Barbed spikes become lodged in your body. 😱 HP[-16] MP[-2]
You take 16 damage, and now have 16/114 hp.
You lost 2 mp, and now have 26/39 mp.
Casting: Stone Arrow (safe; 1% risk of failure)
Confirm with . or Enter, or press ? or * to list all spells.
Aiming: Stone Arrow (safe; 1% risk of failure)
Press: ? - help, Shift-Dir - straight line, f/p - ynoxinul
Aim: a ynoxinul (almost dead, summoned, 78% to hit)
The stone arrow hits the ynoxinul!!
You kill the ynoxinul!
The ynoxinul disappears in a puff of smoke!
The ufetubus disappears in a puff of smoke! x2
The red devil hits you from afar with a +0 trident!
You die...

Skill      XL: |  1  2  3  4  5  6  7  8  9 10 11 12 13 |
---------------+----------------------------------------+-----
Stealth        | 1 2 5 6 |  6.0
Spellcasting   | 2 3 4 10 | 10.0
Conjurations   | 1 2 3 |  3.3
Earth Magic    | 5 6 |  6.5
Dodging        | 3 6 7 8 |  8.0
Fighting       | 2 5 6 7 12 | 12.2
Shields        | 5 8 |  8.6
Armour         | 4 8 |  8.0
Hexes          | 6 7 |  7.6
Axes           | |  2.6

Action                     |  1- 3 |  4- 6 |  7- 9 | 10-12 | 13-15 || total
---------------------------+-------+-------+-------+-------+-------++-------
  Melee: Hand axe          |    28 |    12 |       |       |       ||    40
         Bite              |     4 |     3 |     6 |     9 |     7 ||    29
         Punch             |     1 |       |       |       |       ||     1
         Mace              |       |    33 |    63 |    67 |    28 ||   191
         Dagger            |       |    10 |       |       |       ||    10
   Cast: Sandblast         |    47 |    36 |       |       |       ||    83
         Stone Arrow       |       |    22 |   107 |   328 |   228 ||   685
         Animate Armour    |       |       |       |     2 |       ||     2
 Invoke: Curse Item        |       |       |     2 |     7 |       ||     9
Ability: Evoke Blink       |       |     1 |       |       |       ||     1
  Evoke: Wand              |       |     2 |       |    14 |     4 ||    20
         Lightning rod     |       |       |       |     4 |     2 ||     6
    Use: Scroll            |       |       |     6 |     2 |     3 ||    11
         Potion            |       |       |     2 |     3 |     1 ||     6
   Stab: Sleeping          |     2 |     2 |       |       |       ||     4
 Armour: Robe              |    11 |    25 |    33 |       |       ||    69
         Steam dragon scal |       |       |     1 |    57 |    37 ||    95
  Dodge: Dodged            |    30 |    69 |   123 |   201 |   209 ||   632
  Block: Buckler           |       |       |       |    91 |    87 ||   178

Levels and vault maps discovered:
D:1:      dpeg_arrival_concentric_ovals, layout_basic
D:2:      minmay_chambers_of_twos, layout_basic, minmay_rat_gold_closets,
          uniq_robin
D:3:      layout_rooms, corexii_shack, minmay_gold_behind_fungi
D:4:      layout_cave_pools
D:5:      layout_loops_ring, lemuel_round_altar, serial_shops,
          nicolae_shop_trees, dk_rats_in_the_wall, uniq_sigmund
D:6:      layout_basic, chequers_temple_overflow_minitemple,
          hangedman_minor_gate_pass
D:7:      layout_rooms, minmay_temple_entry_glass, serial_shops, shop_statue,
          nicolae_shop_hallway_plus
D:8:      layout_rooms
D:9:      layout_long_grid
D:10:     layout_rooms, grunt_nemelex_the_gamble, serial_shops,
          nicolae_shop_trees, uniq_psyche
D:11:     layout_loops_ring, erik_lair_island, minmay_orc_entry_guard_dogs
Temple:   sentei_temple_godly_chess
Lair:1:   layout_loops_ring, chequers_serial_rivers_micro_d, uniq_gastronok,
          uniq_amaemon, uniq_nergalle
Lair:2:   layout_cave_pods, elwin_shoals_entry_rocks, spider_nest_entry_a,
          st_stairs_4, grunt_megastairs_2
Lair:3:   layout_regular_city, gammafunk_ghost_icy, kilobyte_rumbling_trees,
          infiniplex_staircase_pool_2
Lair:4:   layout_cave_pods, nicolae_slime_entry_field_trip,
          gammafunk_ghost_grave, uniq_rupert
Lair:5:   due_jungle_book, layout_small_grid, chequers_serial_rivers_micro_d,
          serial_bayou_shore_a, lemuel_fruit_tree, lemuel_fruit_fields,
          uniq_nessos, uniq_snorg

Notes
Turn   | Place    | Note
-------+----------+-------------------------------------------
     0 | D:1      | MackTheKnife the Vampire Wanderer began the quest for the
                  | Orb.
     0 | D:1      | MackTheKnife set off with the following items: a +0 hand
                  | axe {axe}, a +0 helmet, a scroll of fear, a +0 robe; and
                  | the following spell memorised: Sandblast; and the following
                  | spells available to memorise: Passwall, Stone Arrow.
     0 | D:1      | Reached XP level 1. HP: 15/15 MP: 2/2
     0 | D:1      | magus.rc [v1.9.6]
   142 | D:1      | Reached skill level 1 in Stealth
   220 | D:1      | Reached XP level 2. HP: 21/21 MP: 2/4
   890 | D:2      | Reached skill level 2 in Stealth
   970 | D:2      | Gained mutation: You are afflicted with vampirism and can
                  | become a bat while bloodless. [Vampire growth]
   970 | D:2      | Reached XP level 3. HP: 26/26 MP: 1/5
   974 | D:2      | Learned a level 3 spell: Stone Arrow
  1156 | D:2      | Noticed Robin
  1326 | D:2      | Reached skill level 2 in Spellcasting
  1544 | D:2      | Noticed a scorpion
  1552 | D:2      | Killed a scorpion
  1553 | D:2      | Reached skill level 1 in Conjurations
  1553 | D:2      | Reached XP level 4. HP: 19/32 MP: 1/7
  2160 | D:3      | Reached XP level 5. HP: 37/37 MP: 3/9
  2281 | D:3      | Reached skill level 5 in Earth Magic
  2673 | D:3      | Identified the +8 mace of Balance {heavy, +Blink rF+ Str+2
                  | Dex+3}
  2680 | D:3      | magus.rc [v1.9.6]
  2951 | D:4      | Reached skill level 3 in Spellcasting
  3043 | D:4      | HP: 9/37 [orc wizard/+0 dagger (1)]
  3049 | D:4      | Reached skill level 2 in Conjurations
  3049 | D:4      | Reached XP level 6. HP: 13/43 MP: 1/10
  3528 | D:5      | Entered Level 5 of the Dungeon
  3943 | D:5      | Reached skill level 4 in Spellcasting
  3943 | D:5      | Reached skill level 6 in Earth Magic
  3943 | D:5      | Reached XP level 7. HP: 46/48 MP: 2/13
  4069 | D:5      | Found Effap's Armour Boutique.
  4079 | D:5      | Bought a +0 helmet of intelligence for 126 gold pieces
  4210 | D:5      | Noticed Sigmund
  4216 | D:5      | Killed Sigmund
  4217 | D:5      | Reached skill level 3 in Conjurations
  4864 | D:6      | Reached skill level 2 in Dodging
  4962 | D:6      | Noticed a troll
  4970 | D:6      | Killed a troll
  4971 | D:6      | Reached skill level 2 in Fighting
  4971 | D:6      | Reached skill level 3 in Dodging
  4971 | D:6      | Reached XP level 8. HP: 19/57 MP: 0/14
  4979 | D:6      | Reached skill level 3 in Fighting
  4994 | D:6      | Reached skill level 4 in Dodging
  5238 | D:6      | Reached skill level 4 in Fighting
  5359 | D:6      | Found a faded altar of an unknown god.
  5359 | D:6      | Found a burning altar of Makhleb.
  5366 | D:6      | Found a bloodstained altar of Trog.
  5368 | D:6      | Found a faded altar of an unknown god.
  5370 | D:6      | Found a stormy altar of Qazlal.
  5778 | D:6      | Noticed a kobold demonologist
  5781 | D:6      | Killed a kobold demonologist
  5782 | D:6      | Reached skill level 5 in Dodging
  6097 | D:7      | Reached skill level 5 in Fighting
  6097 | D:7      | Reached skill level 6 in Dodging
  6097 | D:7      | Reached XP level 9. HP: 68/68 MP: 9/15
  6194 | D:7      | Found a staircase to the Ecumenical Temple.
  6202 | Temple   | Entered the Ecumenical Temple
  6209 | Temple   | Became a worshipper of Ashenzari the Shackled
  6389 | D:7      | Found Catynugg's Jewellery Boutique.
  6401 | D:7      | Found Gesisoann's Armour Boutique.
  6592 | D:7      | magus.rc [v1.9.6]
  6622 | D:8      | Reached skill level 7 in Dodging
  6691 | D:8      | Reached skill level 6 in Fighting
  6703 | D:8      | HP: 17/69 [poisoned by a killer bee]
  6865 | D:8      | Noticed a cyclops
  6875 | D:8      | HP: 17/69 [cyclops (15)]
  6878 | D:8      | Killed a cyclops
  6879 | D:8      | Reached skill level 3 in Shields
  7075 | D:8      | Reached skill level 4 in Shields
  7349 | D:9      | Reached * piety under Ashenzari
  7358 | D:9      | Noticed a kobold demonologist
  7359 | D:9      | Reached skill level 5 in Shields
  7359 | D:9      | Reached XP level 10. HP: 76/76 MP: 7/16
  7548 | D:9      | Reached skill level 6 in Shields
  7616 | D:9      | You pick up a book of Armaments and begin reading...
  7616 | D:9      | You add the spells Animate Armour and Lehudib's Crystal
                  | Spear to your library.
  7639 | D:9      | Learned a level 4 spell: Animate Armour
  7734 | D:9      | Noticed a soul eater
  7809 | D:10     | Entered Level 10 of the Dungeon
  7824 | D:10     | Reached skill level 7 in Shields
  7958 | D:10     | Reached ** piety under Ashenzari
  8021 | D:10     | Reached skill level 8 in Shields
  8175 | D:10     | Noticed Psyche
  8181 | D:10     | Killed Psyche
  8408 | D:10     | Found Wulaacs's General Store.
  8472 | D:10     | Found a sparkling altar of Nemelex Xobeh.
  8472 | D:10     | Found a transporter.
  8473 | D:10     | Noticed a fire giant
  8473 | D:10     | Noticed a boulder beetle
  8495 | D:10     | HP: 19/76 [fire giant/+0 great sword of flaming (3)]
  8496 | D:10     | HP: 4/76 [fire giant/+0 great sword of flaming (15)]
  8497 | D:10     | Killed a fire giant
  8498 | D:10     | Reached skill level 3 in Armour
  8784 | D:11     | Reached skill level 4 in Armour
  8786 | D:11     | Reached XP level 11. HP: 76/84 MP: 8/19
  8927 | D:11     | Reached skill level 5 in Armour
  8986 | D:11     | Noticed a two-headed ogre
  8992 | D:11     | Killed a two-headed ogre
  8993 | D:11     | Reached skill level 6 in Armour
  9151 | D:11     | Found a staircase to the Lair.
  9459 | D:11     | Reached skill level 7 in Armour
  9523 | D:11     | Found a staircase to the Orcish Mines.
  9849 | D:7      | Bought a +5 ring of evasion for 468 gold pieces
  9959 | D:9      | Reached skill level 8 in Dodging
 10086 | D:9      | Reached *** piety under Ashenzari
 10388 | Lair:1   | Entered Level 1 of the Lair of Beasts
 10397 | Lair:1   | Noticed Gastronok
 10399 | Lair:1   | magus.rc [v1.9.6]
 10479 | Lair:1   | Reached skill level 8 in Armour
 10479 | Lair:1   | Reached skill level 1 in Hexes
 10563 | Lair:1   | Reached skill level 3 in Stealth
 10563 | Lair:1   | Reached skill level 2 in Hexes
 10683 | Lair:1   | Reached skill level 3 in Hexes
 10989 | Lair:1   | Noticed Amaemon
 11003 | Lair:1   | Killed Amaemon
 11004 | Lair:1   | Reached skill level 4 in Stealth
 11004 | Lair:1   | Reached skill level 5 in Hexes
 11023 | Lair:1   | Reached skill level 5 in Stealth
 11180 | Lair:1   | Reached skill level 6 in Hexes
 11218 | Lair:1   | Noticed Nergalle
 11225 | Lair:1   | Killed Nergalle
 11226 | Lair:1   | Reached XP level 12. HP: 94/94 MP: 18/22
 11355 | Lair:2   | Reached **** piety under Ashenzari
 11416 | Lair:2   | Reached skill level 7 in Hexes
 11418 | Lair:2   | Reached skill level 6 in Stealth
 11439 | Lair:2   | Found a staircase to the Shoals.
 11611 | Lair:2   | You pick up a book of Burglary and begin reading...
 11611 | Lair:2   | You add the spells Ensorcelled Hibernation and Swiftness to
                  | your library.
 11655 | Lair:2   | Reached skill level 5 in Spellcasting
 11780 | Lair:2   | Reached skill level 6 in Spellcasting
 11996 | Lair:2   | Found a hole to the Spider Nest.
 12380 | Lair:2   | Gained mutation: Armour fits poorly on your strangely
                  | shaped body. [potion of mutation]
 12380 | Lair:2   | Gained mutation: Your spells are a little harder to cast,
                  | but a little more powerful. [potion of mutation]
 12380 | Lair:2   | Gained mutation: You are agile. (Dex +4, Str/Int -1)
                  | [potion of mutation]
 12533 | Lair:3   | Reached skill level 7 in Spellcasting
 12735 | Lair:3   | Reached skill level 8 in Spellcasting
 12752 | Lair:3   | HP: 32/142 [cane toad (6)]
 12757 | Lair:3   | HP: 27/142 [blink frog (8)]
 12758 | Lair:3   | HP: 10/95 [blink frog (8)]
 12998 | Lair:3   | Found a runed translucent gate.
 12999 | Lair:3   | Noticed a death yak
 13000 | Lair:3   | Found a runed translucent gate.
 13006 | Lair:3   | Reached skill level 9 in Spellcasting
 13010 | Lair:3   | HP: 23/95 [death yak[a torpor snail] (18)]
 13011 | Lair:3   | Killed a death yak
 13141 | Lair:3   | Found a runed translucent gate.
 13165 | Lair:3   | Noticed Leofov's ghost (journeyman SpBr)
 13365 | Lair:3   | Reached ***** piety under Ashenzari
 13745 | Lair:4   | Reached skill level 10 in Spellcasting
 13808 | Lair:4   | Learned a level 3 spell: Swiftness
 13822 | Lair:4   | Found a staircase to the Slime Pits.
 13836 | Lair:4   | Found a viscous altar of Jiyva.
 13872 | Lair:4   | Found a runed translucent door.
 13872 | Lair:4   | Noticed DavidChitty2's ghost (journeyman MiFi)
 13954 | Lair:4   | Noticed Rupert
 14156 | Lair:4   | Noticed a death yak
 14157 | Lair:4   | Noticed a death yak
 14157 | Lair:4   | Noticed a death yak
 14158 | Lair:4   | Noticed a death yak
 14158 | Lair:4   | Noticed a death yak
 14165 | Lair:4   | Killed a death yak
 14172 | Lair:4   | Killed a death yak
 14173 | Lair:4   | Reached skill level 7 in Fighting
 14173 | Lair:4   | Reached XP level 13. HP: 100/104 MP: 11/30
 14383 | Lair:4   | Reached skill level 8 in Fighting
 14707 | Lair:5   | Entered Level 5 of the Lair of Beasts
 14877 | Lair:5   | Reached skill level 9 in Fighting
 14959 | Lair:5   | Noticed Nessos
 15134 | Lair:5   | Killed Nessos
 15139 | Lair:5   | HP: 27/111 [poisoned by Nessos]
 15144 | Lair:5   | HP: 24/111 [poisoned by Nessos]
 15639 | Lair:5   | Reached skill level 10 in Fighting
 15747 | Lair:5   | Noticed Snorg
 15758 | Lair:5   | Killed Snorg
 16040 | Lair:5   | Noticed a dire elephant
 16040 | Lair:5   | Noticed a dire elephant
 16040 | Lair:5   | Noticed a dire elephant
 16040 | Lair:5   | Noticed a dire elephant
 16058 | Lair:5   | Noticed a dire elephant
 16072 | Lair:5   | Killed a dire elephant
 16178 | Lair:5   | Reached skill level 11 in Fighting
 16453 | Lair:5   | HP: 27/108 [spectral death yak (5)]
 16455 | Lair:5   | Reached skill level 12 in Fighting
 16736 | Lair:5   | HP: 23/114 [ice devil[an obsidian statue] (14)]
 16741 | Lair:5   | HP: 10/114 [red devil/+0 trident[an obsidian statue] (11)]
 16745 | Lair:5   | Slain by a red devil

Vanquished Creatures
  A fire giant (D:10)
  Nessos (Lair:5)
  A dire elephant (Lair:5)
  Snorg (Lair:5)
  A hydra (Lair:5)
  8 death yaks
  A two-headed ogre (D:11)
  Nergalle (Lair:1)
  2 spectral death yaks (Lair:5)
  Amaemon (Lair:1)
  3 necromancers (Lair:5)
  2 cyclopes
  A manticore (D:11)
  15 elephants
  3 black mambas
  A torpor snail (Lair:3)
  An orange demon (Lair:1)
  A gargoyle (D:11)
  11 cane toads
  3 rime drakes
  Psyche (D:10)
  3 kobold demonologists
  An unseen horror (D:11)
  10 komodo dragons
  4 trolls
  8 blink frogs
  2 jumping spiders (Lair:2)
  Sigmund (D:5)
  A wraith (D:10)
  3 wyverns
  A vampire (D:9)
  30 yaks
  2 basilisks
  A steam dragon (D:8)
  4 wargs (D:11)
  3 vampire mosquitoes (D:10)
  2 death yak simulacra (Lair:5)
  10 water moccasins
  An ice beast (D:6)
  4 black bears
  A sky beast (D:7)
  4 orc warriors
  2 elephant skeletons (Lair:5)
  4 boggarts (Lair:3)
  3 centaurs
  16 wolves
  2 phantoms (D:5)
  4 kobold brigands
  12 bullfrogs
  3 necrophages
  2 cane toad simulacra (Lair:5)
  A scorpion (D:2)
  6 killer bees (D:8)
  An elephant simulacrum (Lair:5)
  3 electric eels
  8 howler monkeys
  A jelly (Lair:4)
  5 orc priests
  5 hounds
  13 orc wizards
  2 iguanas
  5 adders
  3 white imps (D:6)
  An ufetubus (D:6)
  2 worms
  A dart slug (D:4)
  30 orcs
  7 endoplasms
  4 giant cockroaches
  13 goblins
  10 hobgoblins
  2 jackals (D:1)
  14 kobolds
  2 quokkas
  4 ball pythons
  7 bats
  2 frilled lizards (D:2)
  11 rats
367 creatures vanquished.

Vanquished Creatures (others)
  25 fungi
  31 plants
  4 toadstools (D:3)
  26 withered plants
86 creatures vanquished.

Grand Total: 453 creatures vanquished

Table legend:
 A = Non-vault XP
 B = Vault XP
 C = Vault XP percentage of total XP
 D = Non-vault monster count
 E = Vault monster count
 F = Vault count percentage of total count
                 A         B        C        D         E       F
            +---------+---------+-------+---------+---------+-------
      Total |   44295 |   18956 |  30.0 |     284 |      83 |  22.6
            +---------+---------+-------+---------+---------+-------
        D:1 |      21 |       0 |   0.0 |      12 |       0 |   0.0
        D:2 |     121 |      31 |  20.4 |      15 |      21 |  58.3
        D:3 |      86 |       3 |   3.4 |      21 |       1 |   4.5
        D:4 |     202 |       0 |   0.0 |      23 |       0 |   0.0
        D:5 |     589 |     226 |  27.7 |       9 |       1 |  10.0
        D:6 |     637 |     901 |  58.6 |      21 |       9 |  30.0
        D:7 |     770 |       0 |   0.0 |       9 |       0 |   0.0
        D:8 |    1737 |       0 |   0.0 |      21 |       0 |   0.0
        D:9 |    2419 |       0 |   0.0 |      21 |       0 |   0.0
       D:10 |    1980 |    1619 |  45.0 |      15 |       2 |  11.8
       D:11 |    4847 |    1637 |  25.2 |      15 |      13 |  46.4
     Lair:1 |    2720 |    1959 |  41.9 |      12 |       3 |  20.0
     Lair:2 |    2419 |    1027 |  29.8 |      13 |       4 |  23.5
     Lair:3 |    8563 |     832 |   8.9 |      26 |       7 |  21.2
     Lair:4 |    8547 |     529 |   5.8 |      21 |       2 |   8.7
     Lair:5 |    8637 |   10192 |  54.1 |      30 |      20 |  40.0
            +---------+---------+-------+---------+---------+-------

Illustrated notes

Table legend:
 A = Kills in this place as a percentage of kills in entire the game.
 B = Kills by you in this place as a percentage of kills by you in the entire game.
 C = Kills by friends in this place as a percentage of kills by friends in the entire game.
 D = Other kills in this place as a percentage of other kills in the entire game.
 E = Experience gained in this place as a percentage of experience gained in the entire game.
 F = Experience gained in this place divided by the number of levels of this place that you have seen.
                   A       B       C       D       E      F
               +-------+-------+-------+-------+-------+----------------------
         Total | 100.0 | 100.0 |   N/A |   N/A | 100.0 | 3720.6
       Dungeon |  62.4 |  62.4 |   N/A |   N/A |  28.2 | 1620.5
          Lair |  37.6 |  37.6 |   N/A |   N/A |  71.8 | 9085.0
               +-------+-------+-------+-------+-------+----------------------

Table legend: (Time is in decaauts)
 A = Elapsed time spent in this place.
 B = Non-inter-level travel time spent in this place.
 C = Inter-level travel time spent in this place.
 D = Time resting spent in this place.
 E = Time spent auto-exploring this place.
 F = Levels seen in this place.
 G = Mean time per level.
                   A        B        C        D        E       F      G
               +--------+--------+--------+--------+--------+-----+--------+
         Total |  17016 |  16413 |    603 |   2304 |  11359 |  17 | 1000.9 |
       Dungeon |  10568 |  10090 |    478 |   1116 |   7406 |  11 |  960.7 |
        Temple |     12 |      7 |      5 |      0 |      0 |   1 |   12.0 |
          Lair |   6435 |   6316 |    119 |   1188 |   3953 |   5 | 1287.0 |
               +--------+--------+--------+--------+--------+-----+--------+

Top non-repeatable levels by time:
  Lair:5: 1920 daAuts
  Lair:3: 1350 daAuts
     D:6: 1333 daAuts
     D:2: 1318 daAuts
     D:5: 1313 daAuts
    D:11: 1133 daAuts
  Lair:4: 1121 daAuts
  Lair:2: 1089 daAuts
  Lair:1: 953 daAuts
    D:10: 947 daAuts
     D:9: 904 daAuts
     D:1: 874 daAuts
     D:8: 827 daAuts
     D:4: 721 daAuts
     D:3: 692 daAuts
